 Dungeon Crawl Stone Soup version 0.29.1-2-gbd0b4ee654 (webtiles) character file.

Game seed: 2603839262358738713

7655 Engwar the Grappler (level 10, -4/92 HPs)
             Began as a Troll Fighter on Oct 13, 2022.
             Was a Believer of Qazlal.
             Killed from afar by a rakshasa (16 damage)
             ... with a lance of force
             ... on level 10 of the Dungeon on Nov 2, 2022.
             The game lasted 00:17:16 (8540 turns).

Engwar the Grappler (Troll Fighter)                 Turns: 8540, Time: 00:17:17

Health: -4/92      AC:  6    Str: 26    XL:     10   Next: 99%
Magic:  9/9        EV: 11    Int:  8    God:    Qazlal [**....]
Gold:   355        SH: 18    Dex: 17    Spells: 9/9 levels left

rFire   . . .      SeeInvis .     - Unarmed
rCold   . . .      Faith    .   b - +0 kite shield
rNeg    . . .      Spirit   .   t - +1 robe {Will+}
rPois   .          Reflect  +   (helmet restricted)
rElec   .          Harm     .   r - +0 cloak
rCorr   .          Rampage  .   (gloves unavailable)
Will    ++...                   (boots unavailable)
Stlth   ++........              n - amulet of reflection
HPRegen 1.05/turn               k - ring "Lekuextef" {Will+ Dex+2}
MPRegen 0.11/turn               i - +6 ring of dexterity

@: no status effects
A: large, unfitting armour, claws 3, regeneration 1, shaggy fur 1, tough skin 1
a: Renounce Religion, Upheaval


You were on level 10 of the Dungeon.
You worshipped Qazlal.
Qazlal was pleased with you.
You visited 1 branch of the dungeon, and saw 10 of its levels.

You collected 541 gold pieces.
You spent 186 gold pieces at shops.

Inventory:

Missiles
 q - 5 atropa-tipped darts (quivered)
Armour
 b - a +0 kite shield (worn)
 r - a +0 cloak (worn)
 t - a +1 robe of willpower (worn)
 x - a +2 robe
Jewellery
 a - a ring of positive energy
 i - a +6 ring of dexterity (right claw)
 k - the ring "Lekuextef" (left claw) {Will+ Dex+2}
   (You found it on level 2 of the Dungeon)

   [ring of willpower]

   Dex:       It affects your dexterity (+2).
   Will:      It increases your willpower.
 n - an amulet of reflection (around neck)
Wands
 l - a wand of flame (28)
 s - a wand of iceblast (10)
 z - a wand of polymorph (10)
Scrolls
 e - 2 scrolls of teleportation
 g - 2 scrolls of blinking
 p - 4 scrolls of identify
 v - a scroll of enchant weapon {unknown}
 y - 2 scrolls of poison
Potions
 c - 2 potions of cancellation
 d - 10 potions of curing
 f - a potion of resistance
 h - 2 potions of ambrosia
 j - 2 potions of lignification
 m - 2 potions of mutation
 o - a potion of haste
 u - 2 potions of might
 w - 2 potions of heal wounds


   Skills:
 + Level 3.7 Fighting
 + Level 0.2 Throwing
 + Level 5.8 Dodging
 - Level 1.6 Stealth
 + Level 7.4 Shields
 * Level 13.1 Unarmed Combat


You had 9 spell levels left.
You didn't know any spells.
Your spell library contained the following spells:

 Spells                   Type           Power      Damage    Failure   Level
 Shock                    Conj/Air       0%         1d3       65%         1
 Scorch                   Fire           0%         2d5       80%         2
 Conjure Flame            Conj/Fire      0%         6-21      95%         3
 Dazzling Flash           Conj/Hex       0%         N/A       95%         3
 Ignite Poison            Fire/Tmut/Pois 0%         N/A       95%         3
 Ozocubu's Armour         Ice            0%         N/A       95%         3
 Swiftness                Air            0%         N/A       95%         3
 Airstrike                Air            0%         2d(0-16)  100%        4
 Flame Wave               Conj/Fire      0%         2d4       100%        4
 Sticky Flame             Conj/Fire      0%         2d3       100%        4
 Summon Lightning Spire   Summ/Air       0%         N/A       100%        4
 Agony                    Necr           0%         N/A       100%        5
 Lightning Bolt           Conj/Air       0%         1d11      100%        5
 Silence                  Hex/Air        0%         N/A       100%        5
 Summon Cactus Giant      Summ           0%         N/A       100%        6
 Ozocubu's Refrigeration  Ice            0%         4d7       100%        7


Dungeon Overview and Level Annotations

Branches:
Dungeon (10/15)            Temple (0/1) D:5            Lair (0/5) D:9
    Orc (0/2) D:10

Altars:
Ashenzari
Dithmenos
Elyvilon
Fedhas
Hepliaklqana
Kikubaaqudgha
Nemelex Xobeh
Qazlal
Ru
Sif Muna
Trog
Uskayaw
Vehumet
Yredelemnul
The Shining One

Shops:
D:4 [   D:7 [

Annotations:
D:9 exclusion: statue


Innate Abilities, Weirdness & Mutations

You are too large for most types of armour.
You have claws for hands.
Your natural rate of healing is unusually fast.
You are covered in fur. (AC +1)
You have tough skin. (AC +1)


Message History

The rakshasa is heavily wounded.
The rakshasa closely misses you.
You closely miss the rakshasa.
The rakshasa is heavily wounded.
You scratch the rakshasa.
The rakshasa is heavily wounded.
You block the rakshasa's attack.
You barely miss the rakshasa.
The rakshasa is heavily wounded.
The rakshasa gestures at you. The lance of force hits you!!
You are knocked back by the lance of force.
You slam into the rock wall!
You block the rakshasa's attack.
You mangle the rakshasa!!
The rakshasa is severely wounded.
You block the rakshasa's attack.
You closely miss the rakshasa.
The rakshasa is severely wounded.
The rakshasa hits you with a +0 long sword!
* * * LOW HITPOINT WARNING * * *
You miss the rakshasa.
The rakshasa is severely wounded.
The rakshasa blinks!
You claw the troll!
The troll is moderately wounded.
You barely miss the troll.
The troll is moderately wounded.
The rakshasa blinks!
You block the troll's attack. x3
The rakshasa blinks!
You block the troll's attack. x3
The troll attacks as you move away! You block the troll's attack. x3
The rakshasa gestures at you.
The lance of force reflects off an invisible shield around you!
The lance of force misses the rakshasa.
The troll attacks as you move away! You block the troll's attack. x2
The troll claws you!
* * * LOW HITPOINT WARNING * * *
The rakshasa gestures at you. The lance of force hits you!
You die...

#....
#.#...#####........#
#..Y.
#.#................# ...
#.#..#######..######
..####.###.#..#.....#..#
#..........#..#.....'..#
##............#.....)..#
###......Y#T.#.....#>.#
####....#.○#.....#..#
####.#@.#.....#.)#
..#..#.....'..#
..#.R#.....#))#
...#..#.....#..#
##.#..#######).#
#.#...........######
#................#
#..........#######
######..........#


You could see a rakshasa and a troll.

Vanquished Creatures
  A two-headed ogre (D:10)
  Amaemon (D:9)
  A manticore (D:6)
  An ugly thing (D:8)
  An orange demon (D:9)
  A kobold demonologist (D:8)
  A hornet (D:8)
  A wraith (D:10)
  7 yaks
  2 vampire mosquitoes (D:10)
  2 steam dragons
  A water moccasin (D:7)
  An acid dragon (D:8)
  A black bear (D:4)
  3 orc warriors
  4 sky beasts
  An ogre (D:5)
  2 ice beasts
  7 centaurs
  2 phantoms
  A kobold brigand (D:10)
  A necrophage (D:6)
  3 scorpions
  4 wights (D:9)
  3 howler monkeys (D:7)
  2 jellies
  4 hounds
  3 orc priests
  Natasha (thrice) (D:2)
  5 iguanas
  3 orc wizards
  6 adders
  3 white imps
  2 ufetubi
  5 dart slugs
  22 orcs
  4 endoplasms
  4 giant cockroaches
  8 goblins
  4 hobgoblins
  2 jackals (D:2)
  5 quokkas
  7 ball pythons
  7 bats
  7 frilled lizards
  13 kobolds
  10 rats
182 creatures vanquished.

Vanquished Creatures (others)
  2 plants (D:5)
2 creatures vanquished.

Grand Total: 184 creatures vanquished

Notes
Turn   | Place    | Note
-------+----------+-------------------------------------------
     0 | D:1      | Engwar the Troll Fighter began the quest for the Orb.
     0 | D:1      | Reached XP level 1. HP: 22/22 MP: 0/0
   111 | D:1      | Reached XP level 2. HP: 29/29 MP: 1/1
   481 | D:1      | Reached XP level 3. HP: 33/36 MP: 2/2
  1200 | D:2      | Identified the ring "Lekuextef" {Will+ Dex+2}
  1228 | D:2      | Reached skill level 3 in Unarmed Combat
  1250 | D:2      | Found a sacrificial altar of Ru.
  1287 | D:2      | Reached XP level 4. HP: 44/44 MP: 3/3
  1317 | D:2      | Noticed Natasha
  1331 | D:2      | Killed Natasha
  1347 | D:2      | Noticed Natasha
  1357 | D:2      | Killed Natasha
  1601 | D:2      | Noticed Natasha
  1609 | D:2      | Killed Natasha
  1610 | D:2      | Reached XP level 5. HP: 42/50 MP: 4/4
  2011 | D:3      | Reached skill level 4 in Unarmed Combat
  2304 | D:3      | Noticed a +0 dagger
  2304 | D:3      | Noticed a +0 hand axe
  2308 | D:3      | Found a hide-covered altar of Uskayaw.
  2868 | D:4      | Noticed an ice beast
  2879 | D:4      | Killed an ice beast
  2880 | D:4      | Reached XP level 6. HP: 59/59 MP: 5/5
  2898 | D:4      | Found Delient's Antique Armour Boutique.
  3069 | D:4      | Reached skill level 1 in Stealth
  3069 | D:4      | Reached skill level 5 in Unarmed Combat
  3331 | D:4      | Reached XP level 7. HP: 59/67 MP: 6/6
  3724 | D:4      | Found a stormy altar of Qazlal.
  3727 | D:4      | Found a blossoming altar of Fedhas.
  4141 | D:4      | Became a worshipper of Qazlal Stormbringer
  4156 | D:5      | Entered Level 5 of the Dungeon
  4292 | D:4      | Bought a cloak for 94 gold pieces
  4377 | D:5      | Reached skill level 6 in Unarmed Combat
  4445 | D:5      | Found a staircase to the Ecumenical Temple.
  4642 | D:5      | Found a white marble altar of Elyvilon.
  4701 | D:5      | Found a basalt altar of Yredelemnul.
  4806 | D:5      | Found a shimmering blue altar of Sif Muna.
  4834 | D:6      | Reached XP level 8. HP: 71/75 MP: 7/7
  4849 | D:6      | Found a broken altar of Ashenzari.
  5035 | D:6      | Reached skill level 7 in Unarmed Combat
  5290 | D:6      | Found an ancient bone altar of Kikubaaqudgha.
  5488 | D:6      | Noticed a manticore
  5495 | D:6      | Killed a manticore
  5496 | D:6      | Reached skill level 5 in Shields
  5496 | D:6      | Reached skill level 8 in Unarmed Combat
  5685 | D:7      | Reached XP level 9. HP: 68/83 MP: 8/8
  5754 | D:7      | Reached * piety under Qazlal
  5755 | D:7      | Reached skill level 9 in Unarmed Combat
  5885 | D:7      | Found Raitzeh's Antique Armour Emporium.
  5890 | D:7      | Bought an embroidered robe for 92 gold pieces
  6208 | D:7      | Found a sparkling altar of Nemelex Xobeh.
  6208 | D:7      | Found a bloodstained altar of Trog.
  6247 | D:8      | Upgraded the game from 0.29.1-1-gd02db6906a to
                  | 0.29.1-2-gbd0b4ee654
  6420 | D:8      | Noticed a green ugly thing
  6433 | D:8      | Killed a green ugly thing
  6434 | D:8      | Reached skill level 5 in Dodging
  6434 | D:8      | Reached skill level 10 in Unarmed Combat
  6708 | D:8      | Noticed a kobold demonologist
  6716 | D:8      | Killed a kobold demonologist
  6717 | D:8      | Reached skill level 11 in Unarmed Combat
  6855 | D:8      | Found a hazy altar of Hepliaklqana.
  6966 | D:8      | Reached XP level 10. HP: 80/91 MP: 9/9
  7198 | D:9      | Identified the +3 leather armour of Limited Liability {Harm
                  | Str+4 Dex+3}
  7317 | D:9      | Found a radiant altar of Vehumet.
  7320 | D:9      | Found a staircase to the Lair.
  7398 | D:9      | Noticed Amaemon
  7400 | D:9      | Noticed an orange demon
  7413 | D:9      | Killed Amaemon
  7421 | D:9      | Killed an orange demon
  7678 | D:9      | Reached ** piety under Qazlal
  7694 | D:9      | Found a glowing golden altar of the Shining One.
  7707 | D:9      | Reached skill level 12 in Unarmed Combat
  7904 | D:9      | Found a shadowy altar of Dithmenos.
  8007 | D:10     | Entered Level 10 of the Dungeon
  8121 | D:10     | Found a staircase to the Orcish Mines.
  8396 | D:10     | Noticed a two-headed ogre
  8410 | D:10     | Killed a two-headed ogre
  8433 | D:10     | Reached skill level 13 in Unarmed Combat
  8514 | D:10     | Noticed a rakshasa
  8540 | D:10     | Killed from afar by a rakshasa

Illustrated notes

Levels and vault maps discovered:
D:1:      evilmike_arrival_hilbert_curve, layout_basic, interstate_on_off,
          serial_bayou_ford_a
D:2:      layout_basic, basic_altar, uniq_natasha
D:3:      layout_basic, dancing_weapons_uskayaw
D:4:      layout_layer_cave, grunt_temple_overflow_forces_of_nature,
          serial_shops, nicolae_take_the_stairs, chequers_serial_rivers_large_a,
          minmay_misc_feat_plants, moated_statue, grunt_decor_arrowhead
D:5:      layout_basic, kennysheep_ying_yang, nicolae_sif_muna_little_library,
          minmay_temple_entry_nine_rooms, kennysheep_boxes
D:6:      layout_gridville, general_overflow_altar,
          mainiacjoe_overflow_concentric_impassable, minmay_three_doors
D:7:      layout_loops_ring, gammafunk_temple_overflow_wave, serial_shops, shop,
          skrybe_limestone_x
D:8:      layout_basic, worldfamousw_hep_ancestral_shrine
D:9:      layout_loops_ring, nicolae_tso_carved_into_rock, lemuel_round_altar,
          vehumet_statue, lair_entry_dummy, uniq_amaemon
D:10:     minmay_recursive_quarters, layout_irregular_city, marbit_many_paths,
          minmay_orc_entry_temple_small

Skill      XL: |  1  2  3  4  5  6  7  8  9 10 |
---------------+-------------------------------+-----
Dodging        | 3 4 5 |  5.8
Shields        | 3 4 5 6 7 |  7.4
Unarmed Combat | 3 4 5 6 8 11 13 | 13.1
Stealth        | 1 |  1.6
Fighting       | 3 |  3.7
Throwing       | |  0.2

Action                   |  1- 3 |  4- 6 |  7- 9 | 10-12 || total
-------------------------+-------+-------+-------+-------++-------
Melee: Unarmed           |   110 |   114 |   191 |   149 ||   564
Throw: Dart              |       |       |       |     2 ||     2
  Use: Potion            |       |     1 |       |     1 ||     2
       Scroll            |       |    11 |     7 |       ||    18
 Stab: Sleeping          |       |     3 |     3 |       ||     6
Armor: Robe              |    35 |    27 |    28 |    26 ||   116
Dodge: Dodged            |    30 |    44 |    48 |    37 ||   159
Block: Kite shield       |    27 |    59 |   123 |   139 ||   348
       Reflection        |       |     1 |     6 |     7 ||    14
